 Dungeon Crawl Stone Soup version 0.24-a0-521-g122614b (webtiles) character file.

Game seed: 4615119454724038004

226 pkoi the Skirmisher (level 5, -10/42 HPs)
             Began as a Demonspawn Fighter on July 29, 2019.
             Killed by divine providence
             ... invoked by an orc priest
              (14 damage)
             ... on level 3 of the Dungeon.
             The game lasted 00:03:59 (3109 turns).

pkoi the Skirmisher (Demonspawn Fighter)            Turns: 3109, Time: 00:04:00

Health: -10/42     AC:  7    Str: 17    XL:     5   Next: 69%
Magic:  5/5        EV: 14    Int: 10    God:
Gold:   142        SH:  5    Dex: 19    Spells: 4/4 levels left

rFire    . . .     SeeInvis .   r - +0 long sword (pain)
rCold    . . .     Gourm    .   n - +0 buckler
rNeg     . . .     Faith    .   b - +0 scale mail
rPois    .         Spirit   .   (no helmet)
rElec    .         Reflect  .   (no cloak)
rCorr    .         Harm     .   (no gloves)
MR       .....                  k - +0 pair of boots
Stlth    ++........             (no amulet)
HPRegen  0.14/turn              p - +3 ring of slaying
MPRegen  0.09/turn              (no ring)

@: agile, drained
A: claws 1, thin skeletal structure 1, powered by pain 1, rot immunity
a: no special abilities


You were on level 3 of the Dungeon.
You were hungry.

You visited 1 branch of the dungeon, and saw 3 of its levels.

You collected 142 gold pieces.

Inventory:

Hand Weapons
 a - a +0 long sword
 r - a +0 long sword of pain (weapon)
Armour
 b - a +0 scale mail (worn)
 c - a +0 shield
 k - a +0 pair of boots (worn)
 n - a +0 buckler (worn)
Jewellery
 p - a +3 ring of slaying (left claw)
Scrolls
 e - 3 scrolls of remove curse
 h - 3 scrolls of identify
Potions
 d - a potion of might
 g - a potion of mutation
 j - a potion of curing
 l - a potion of haste
 m - a potion of invisibility {unknown}
 t - a potion of agility
Comestibles
 f - 5 rations
 i - 6 chunks of flesh


   Skills:
 + Level 3.9(3.2) Fighting
 - Level 3.4(2.6) Long Blades
 + Level 3.6(2.9) Armour
 + Level 3.5(2.8) Shields
 + Level 0.7(0.1) Unarmed Combat


You had 4 spell levels left.
You didn't know any spells.
Your spell library was empty.

Dungeon Overview and Level Annotations

Branches:
Dungeon (3/15)

Altars:


Innate Abilities, Weirdness & Mutations

You have sharp fingernails.
You have a somewhat thin skeletal structure. (Dex +2, Stealth)
You sometimes gain a little power by taking damage.
You are immune to rotting.


Message History

The orc hits you from afar with a +0 trident.
The orc closely misses you.
You hit the hobgoblin.
The hobgoblin is heavily wounded.
The hobgoblin closely misses you. The orc barely misses you.
The orc hits you but does no damage.
The orc priest calls down the wrath of Beogh upon you.
Beogh smites you!
* * * LOW HITPOINT WARNING * * *
You focus on the pain.
You feel agile all of a sudden.
The orc priest invokes the aid of Beogh against you.
Beogh smites you!
* * * LOW HITPOINT WARNING * * *
The orc priest calls down the wrath of Beogh upon you.
Beogh smites you!
* * * LOW HITPOINT WARNING * * *
The orc priest invokes the aid of Beogh against you.
Beogh smites you!
You die...

>........................# #
.#.#..#########(...#####.## #
.#.#..# ###### #..# # .#.#..#
#..## # .#.#..# #...# #
.#.#..##################.#.# #
.#.#..#..................#.# #
.#.#..#.##################.######
.<[.............@g..o..oo........
.#.####.##################.###.##
.#..............# #.# #.##
.######.#######.##########.###.#
.#<# #.# #...........##o.##.#
.#.####.### #..)........###.##.#
.#.##.....# #.....(.....# #.o#.#
.#(##.....# #..........## ##o#.#
.#(##.....# #).........# #...#


You could see an orc priest, an orc and a hobgoblin.

Vanquished Creatures
  A howler monkey (D:3)
  Jessica (D:3)
  8 adders
  2 oozes (D:1)
  A worm (D:2)
  2 dart slugs (D:1)
  4 leopard geckos
  7 orcs (D:3)
  2 giant cockroaches
  2 goblins
  9 hobgoblins
  3 jackals (D:2)
  4 bats
  10 frilled lizards
  7 kobolds
  12 rats
75 creatures vanquished.

Notes
Turn   | Place    | Note
-------+----------+-------------------------------------------
     0 | D:1      | pkoi the Demonspawn Fighter began the quest for the Orb.
     0 | D:1      | Reached XP level 1. HP: 18/18 MP: 1/1
    41 | D:1      | Gained mutation: You sometimes gain a little power by
                  | taking damage. [demonic ancestry]
    41 | D:1      | Reached XP level 2. HP: 20/24 MP: 2/2
   791 | D:1      | Gained mutation: You have a somewhat thin skeletal
                  | structure. (Dex +2, Stealth) [demonic ancestry]
   791 | D:1      | Reached XP level 3. HP: 28/29 MP: 3/3
  1490 | D:2      | Gained mutation: You are immune to rotting. [demonic
                  | ancestry]
  1490 | D:2      | Reached XP level 4. HP: 34/35 MP: 4/4
  2325 | D:3      | Gained mutation: You have sharp fingernails. [demonic
                  | ancestry]
  2325 | D:3      | Reached XP level 5. HP: 41/42 MP: 5/5
  2424 | D:3      | Noticed Jessica
  2501 | D:3      | Killed Jessica
  3109 | D:3      | Killed from afar by an orc priest

Levels and vault maps discovered:
D:1:      erik_arrival_cave_to_civilisation [erik_arrival_cave_to_hall],
          layout_basic, minmay_lizard_king
D:2:      layout_loops_corners
D:3:      layout_basic, first_ration, uniq_jessica

Skill      XL: |  1  2  3 |
---------------+----------+-----
Long Blades    | 2 3 |  3.4
Armour         | 3 |  3.6
Shields        | 3 |  3.5
Fighting       | |  3.9
Unarmed Combat | |  0.7

Action                   |  1- 3 |  4- 6 || total
-------------------------+-------+-------++-------
Melee: Long sword        |   109 |   186 ||   295
  Use: Scroll            |       |     5 ||     5
       Potion            |       |     4 ||     4
  Eat: Chunk             |     2 |     5 ||     7
Armor: Scale mail        |    57 |    73 ||   130
Dodge: Dodged            |    32 |    63 ||    95
Block: Shield            |    41 |   111 ||   152
       Buckler           |       |     2 ||     2
       Rpst.: Long sword |    13 |    15 ||    28

Table legend:
 A = Non-vault XP
 B = Vault XP
 C = Vault XP percentage of total XP
 D = Non-vault monster count
 E = Vault monster count
 F = Vault count percentage of total count
                 A         B        C        D         E       F
            +---------+---------+-------+---------+---------+-------
      Total |     276 |      48 |  14.8 |      65 |      10 |  13.3
            +---------+---------+-------+---------+---------+-------
        D:1 |      41 |      11 |  21.2 |      14 |       9 |  39.1
        D:2 |     111 |       0 |   0.0 |      24 |       0 |   0.0
        D:3 |     124 |      37 |  23.0 |      27 |       1 |   3.6
            +---------+---------+-------+---------+---------+-------
